 Dungeon Crawl Stone Soup version 0.29.1-1-gd02db6906a (webtiles) character file.

Game seed: 17523166264634655523

144 Hadkhar the Magician (level 5, 28/28 HPs)
             Began as a Deep Elf Fire Elementalist on Oct 8, 2022.
             Quit the game on level 3 of the Dungeon.
             The game lasted 00:20:32 (3357 turns).

Hadkhar the Magician (Deep Elf Fire Elementalist)   Turns: 3357, Time: 00:20:33

Health: 28/28      AC:  5    Str:  5    XL:     5   Next: 5%
Magic:  13/13      EV: 29    Int: 22    God:
Gold:   223        SH:  0    Dex: 21    Spells: 9/12 levels left

rFire   . . .      SeeInvis .   w - +1 whip (vamp)
rCold   . . .      Faith    .   (no shield)
rNeg    . . .      Spirit   .   a - +0 robe
rPois   .          Reflect  .   s - +0 helmet
rElec   .          Harm     .   o - +0 cloak
rCorr   .          Rampage  .   x - +0 pair of gloves
Will    .....                   (no boots)
Stlth   +++.......              g - amulet of the acrobat
HPRegen 0.09/turn               h - +6 ring of dexterity
MPRegen 0.13/turn               (no ring)

@: acrobatic
A: no striking features
a: no special abilities


You were on level 3 of the Dungeon.
You visited 1 branch of the dungeon, and saw 3 of its levels.

You collected 223 gold pieces.

Inventory:

Hand Weapons
 w - a +1 vampiric whip (weapon)
Missiles
 u - 6 poisoned darts
Armour
 a - a +0 robe (worn)
 o - a +0 cloak (worn)
 s - a +0 helmet (worn)
 x - a +0 pair of gloves (worn)
Jewellery
 g - an amulet of the acrobat (around neck)
 h - a +6 ring of dexterity (left hand)
Scrolls
 e - 2 scrolls of enchant armour {unknown}
 j - a scroll of summoning {unknown}
 k - 2 scrolls of fear {unknown}
 l - 3 scrolls of identify {unknown}
 p - 2 scrolls of teleportation {unknown}
 r - a scroll of immolation {unknown}
 t - a scroll of brand weapon {unknown}
 v - a scroll of enchant weapon {unknown}
Potions
 b - a potion of magic
 c - 4 potions of haste {unknown}
 d - a potion of mutation {unknown}
 f - a potion of attraction {unknown}
 i - a potion of curing {unknown}
 m - a potion of brilliance {unknown}
 n - 2 potions of flight {unknown}
 q - a potion of heal wounds {unknown}


   Skills:
 + Level 3.5 Dodging
 + Level 3.7 Stealth
 + Level 4.1 Spellcasting
 + Level 2.4 Conjurations
 + Level 4.1 Fire Magic


You had 9 spell levels left.
You knew the following spells:

 Your Spells              Type           Power      Damage    Failure   Level
a - Foxfire               Conj/Fire      72%        2x1d7     3%          1
b - Scorch                Fire           44%        2d7       3%          2

Your spell library contained the following spells:

 Spells                   Type           Power      Damage    Failure   Level
 Magic Dart               Conj           60%        1d6       4%          1
 Conjure Flame            Conj/Fire      18%        6-21      9%          3
 Inner Flame              Hex/Fire       13%        N/A       14%         3
 Call Imp                 Summ           4%         N/A       17%         2
 Mephitic Cloud           Conj/Pois/Air  8%         N/A       24%         3
 Flame Wave               Conj/Fire      18%        2d7       28%         4
 Confusing Touch          Hex            4%         N/A       32%         3
 Gell's Gravitas          Tloc           4%         N/A       32%         3
 Teleport Other           Tloc           4%         N/A       32%         3
 Yara's Violent Unravell  Hex/Tmut       2%         3d3       97%         5
 Dispersal                Tloc           2%         N/A       100%        6
 Enfeeble                 Hex            2%         N/A       100%        7


Dungeon Overview and Level Annotations

Branches:
Dungeon (3/15)

Altars:
Okawaru

Shops:
D:3 :


Message History

Magic restored.
A hobgoblin comes into view. It is wielding a +0 mace.
Found a pair of gloves.
Casting: Foxfire (safe; 3% risk of failure)
Confirm with . or Enter, or press ? or * to list all spells.
You conjure some foxfire!
The hobgoblin shouts!
The foxfire hits the hobgoblin but does no damage.
The foxfire hits the hobgoblin.
You kill the hobgoblin!
You start resting.
Magic restored.
You see here a +0 pair of gloves.
Casting: Foxfire (safe; 3% risk of failure)
Press: ? - help, Q - select action, (/) - cycle Dir - look around, f - activate
Okay, then.
x - a +0 pair of gloves You start putting on your armour.
You continue putting on your +0 pair of gloves. x4
You finish putting on your +0 pair of gloves.
Found a stone staircase leading down.
There is a stone staircase leading down here.
Found Mulovap's Book Shoppe.
There is an entrance to Mulovap's Book Shoppe here.
An endoplasm comes into view.
Casting: Foxfire (safe; 3% risk of failure)
Confirm with . or Enter, or press ? or * to list all spells.
You conjure some foxfire!
The endoplasm quivers.
The endoplasm closely misses you. The endoplasm attacks as you move away!
The endoplasm hits you but does no damage.
The foxfire hits the endoplasm.
The endoplasm is severely wounded.
The foxfire hits the endoplasm.
You kill the endoplasm!
Saving game... please wait.
Welcome back, Hadkhar the Deep Elf Fire Elementalist.
Press ? for a list of commands and other information.
Are you sure you want to abandon this character and quit the game? (Confirm with "yes".)

.........∩...................#
#######.....####.....####.#######
............# #.................
#.####......####.....####.......#
.................................
#.####.##...####.................
#.# #.###### #.....##########..
#.# #.##########..#..#.(........
#.# #..........@..#.............
#.###############................
...................).............
#.#.##########...).......#######.
#.#.# #.###.......#....... #.#.#
#.# #.......#....... #.#.# #.#
#.......#....... ....# #.#
######.##....... ÷...# #.#
#.##.......


There were no monsters in sight!

Vanquished Creatures
  5 gnolls
  3 adders
  2 worms (D:2)
  6 ball pythons
  7 endoplasms
  7 giant cockroaches
  6 goblins
  3 hobgoblins
  3 jackals (D:2)
  2 quokkas (D:3)
  4 bats
  4 frilled lizards (D:1)
  3 kobolds
  7 rats
62 creatures vanquished.

Vanquished Creatures (others)
  130 foxfires
130 creatures vanquished.

Grand Total: 192 creatures vanquished

Notes
Turn   | Place    | Note
-------+----------+-------------------------------------------
     0 | D:1      | Hadkhar the Deep Elf Fire Elementalist began the quest for
                  | the Orb.
     0 | D:1      | Reached XP level 1. HP: 10/10 MP: 6/6
   265 | D:1      | Reached XP level 2. HP: 15/15 MP: 6/8
   873 | D:1      | Found a faded altar of an unknown god.
   916 | D:1      | Learned a level 2 spell: Scorch
   933 | D:1      | Reached XP level 3. HP: 19/19 MP: 5/9
  1558 | D:2      | Found an iron altar of Okawaru.
  2012 | D:2      | Reached XP level 4. HP: 24/24 MP: 9/11
  2995 | D:3      | Reached XP level 5. HP: 28/28 MP: 6/13
  3323 | D:3      | Found Mulovap's Book Shoppe.
  3357 | D:3      | Quit the game

Illustrated notes

Levels and vault maps discovered:
D:1:      beargit_arrival_greenhouse, layout_loops_ring,
          ebering_ecumenical_altar_sacrificial, corexii_leaking_fountain,
          chequers_serial_rivers_micro_d, hangedman_abyss_or_decor_lesser_grid,
          solitary_fountain, glass_columns_a, wad_floor_pattern_untrapped,
          minivault_14, minmay_misc_feat_encased, serial_park_tiny_1,
          chequers_serial_rivers_micro_c, wander_ebering_terrifying_dragon_lair
D:2:      layout_loops_ring, basic_altar, minmay_tall_x
D:3:      layout_basic, mainiacjoe_overflow_alcove_1, serial_shops, shop

Skill      XL: |  1  2  3  4 |
---------------+-------------+-----
Stealth        | 3 |  3.7
Dodging        | 3 |  3.5
Conjurations   | 2 |  2.4
Spellcasting   | 4 |  4.1
Fire Magic     | 4 |  4.1

Action                   |  1- 3 |  4- 6 || total
-------------------------+-------+-------++-------
Melee: Unarmed           |     4 |       ||     4
       Dagger            |    11 |    15 ||    26
 Cast: Foxfire           |    52 |    25 ||    77
       Scorch            |     3 |     2 ||     5
 Stab: Sleeping          |     3 |     1 ||     4
Armor: Robe              |     1 |     7 ||     8
Dodge: Dodged            |    10 |    21 ||    31
